[Event "Titled Tuesday Blitz November 22 Late 2022"]
[White "Annaberdiyev, Babageldi"]
[Black "Xiong, Jeffery"]
[WhiteFideId "14000385"]
[BlackFideId "2047640"]
[WhiteElo "2332"]
[BlackElo "2725"]
[Result "1-0"]
[Round "08"]
[TimeControl "180+1"]
[Date "2022.11.23"]
[WhiteClock "0:00:38"]
[BlackClock "0:00:24"]

1. e4 d5 2. exd5 Qxd5 3. Nc3 Qd6 4. d4 Nf6 5. Nf3 Bg4 6. h3 Bh5 7. g4 Bg6 8. Ne5 Nc6 9. Bb5 O-O-O 10. Bxc6 bxc6 11. Qe2 Qb4 12. Nxc6 Qb7 13. Nb5 Be4 14. Nbxa7+ Kd7 15. Ne5+ Ke8 16. Qb5+ Nd7 17. Qxb7 Bxb7 18. O-O Nxe5 19. dxe5 h5 20. g5 Rd5 21. c4 Rxe5 22. Nb5 Re4 23. b3 Rh4 24. Kh2 c6 25. Nc3 Bc8 26. Be3 Rxh3+ 27. Kg2 Rh4 28. f3 Bh3+ 29. Kg3 Bxf1 30. Rxf1 1-0


[Site "https://www.chess.com"]

[Event "Titled Tuesday Blitz November 22 Late 2022"]
[White "Antonio, Jorge Carlos"]
[Black "Remolar Gallen, Jose"]
[WhiteFideId "113190"]
[BlackFideId "2215187"]
[WhiteElo "2247"]
[BlackElo "2252"]
[Result "1-0"]
[Round "08"]
[TimeControl "180+1"]
[Date "2022.11.23"]
[WhiteClock "0:01:45"]
[BlackClock "0:02:17"]

1. d4 Nf6 2. Nf3 g6 3. c4 Bg7 4. Nc3 O-O 5. e4 d6 6. Be2 e5 7. O-O Nc6 8. d5 Ne7 9. Ne1 Nd7 10. Be3 f5 11. f3 f4 12. Bf2 g5 13. Rc1 Ng6 14. c5 Rf7 15. cxd6 cxd6 16. Qc2 h5 17. Nb5 Nf6 18. Nc7 Rb8 19. Bxa7 Bd7 20. Ne6 Qe8 21. Bxb8 Qxb8 22. Qc7 Qe8 23. Nxg5 1-0


[Site "https://www.chess.com"]

[Event "Titled Tuesday Blitz November 22 Late 2022"]
[White "Ardila, Oscar Humberto"]
[Black "Grave, Jacob Templen"]
[WhiteFideId "4404742"]
[BlackFideId "1542656"]
[WhiteElo "1959"]
[BlackElo "2126"]
[Result "0-1"]
[Round "08"]
[TimeControl "180+1"]
[Date "2022.11.23"]
[WhiteClock "0:00:22"]
[BlackClock "0:00:55"]

1. d4 e6 2. c4 b6 3. Nc3 Bb4 4. Bd2 Bb7 5. Nf3 f5 6. e3 Nf6 7. Be2 O-O 8. O-O d6 9. Qb3 Bxc3 10. Bxc3 Ne4 11. d5 Nxc3 12. bxc3 e5 13. a4 a5 14. Qc2 Nd7 15. e4 f4 16. Nd2 Nc5 17. Bg4 Qh4 18. h3 h5 19. Nf3 Qf6 20. Bxh5 Bc8 21. Nd2 Qg5 22. Bg4 Bxg4 23. hxg4 Qxg4 24. f3 Qh4 25. Nb3 Nxb3 26. Qxb3 Rf6 27. Qc2 Kf7 28. Qf2 Qg5 29. Rfe1 Rh8 30. Kf1 Rh2 31. Qg1 Rfh6 32. Kf2 Qg3+ 33. Kf1 Rh1 34. Ke2 Rxg1 35. Rxg1 Rh2 36. Kf1 g5 37. Re1 g4 0-1


[Site "https://www.chess.com"]

[Event "Titled Tuesday Blitz November 22 Late 2022"]
[White "Arngrimsson, Dagur"]
[Black "Curtis, John"]
[WhiteFideId "2301288"]
[BlackFideId "3200256"]
[WhiteElo "2286"]
[BlackElo "2203"]
[Result "1-0"]
[Round "08"]
[TimeControl "180+1"]
[Date "2022.11.23"]
[WhiteClock "0:00:11"]
[BlackClock "0:00:21"]

1. e4 e6 2. b3 d5 3. Bb2 dxe4 4. Nc3 Nf6 5. Qe2 Nc6 6. Nxe4 Nd4 7. Qd3 Nxe4 8. Qxe4 c5 9. Nf3 Nxf3+ 10. Qxf3 Bd7 11. Qxb7 Rb8 12. Qxa7 Bc6 13. Qa6 Qc7 14. O-O-O Ra8 15. Be5 Bd6 16. Bxd6 Qxd6 17. Qb6 O-O 18. Bb5 Qe5 19. d4 Qf4+ 20. Kb1 Bxg2 21. Rhg1 Bf3 22. Rd3 c4 23. Bxc4 Qxh2 24. Rxg7+ Kxg7 25. Qc5 Qg1+ 26. Kb2 Qxf2 27. Qg5+ Kh8 28. Qf6+ Kg8 29. Rxf3 Qe1 30. Bd3 Ra5 31. Bxh7+ Kxh7 32. Rh3+ Qh4 33. Rxh4+ Rh5 34. Rxh5+ Kg8 35. Rh8# 1-0


[Site "https://www.chess.com"]

[Event "Titled Tuesday Blitz November 22 Late 2022"]
[White "Bach, Matthias"]
[Black "Poliakova, Varvara"]
[WhiteFideId "4603168"]
[BlackFideId "13518313"]
[WhiteElo "2165"]
[BlackElo "2099"]
[Result "0-1"]
[Round "08"]
[TimeControl "180+1"]
[Date "2022.11.23"]
[WhiteClock "0:00:04"]
[BlackClock "0:00:42"]

1. d4 f5 2. e4 d6 3. exf5 Bxf5 4. Bd3 Qd7 5. Ne2 Nf6 6. Ng3 Bxd3 7. Qxd3 g6 8. O-O Bg7 9. Nc3 Nc6 10. Nce2 O-O 11. Nf4 e5 12. dxe5 Nxe5 13. Qb3+ Kh8 14. Ne6 Rfe8 15. Nxg7 Qxg7 16. Bd2 b6 17. Rae1 a5 18. f4 Neg4 19. h3 Nh6 20. f5 Rxe1 21. Bxe1 Nf7 22. Bc3 Ne5 23. Bxe5 dxe5 24. fxg6 hxg6 25. Qf3 Rf8 26. Ne4 Nd7 27. Qg4 Rxf1+ 28. Kxf1 Qf7+ 29. Kg1 Qf5 30. Qh4+ Kg7 31. Qe7+ Qf7 32. Qd8 Nf8 33. Ng5 Qc4 34. Qe7+ Kg8 35. h4 Qd4+ 36. Kf1 Qf4+ 37. Kg1 Qc1+ 38. Kh2 Qf4+ 39. Kh3 c5 40. g3 Qf5+ 41. g4 Qf1+ 42. Kh2 Qf4+ 43. Kh3 b5 44. Qxc5 Qf1+ 45. Kh2 Qd1 46. Qe7 Qxc2+ 47. Kg3 Qd3+ 48. Kh2 Qd2+ 49. Kg3 Qe3+ 50. Kh2 Qf2+ 51. Kh3 Qf1+ 52. Kh2 Qc4 53. Qxe5 Qxg4 54. Qg3 Qe2+ 55. Kh3 Qxb2 56. Ne4 Qxa2 57. Nf6+ Kf7 58. Ng4 Qe6 59. Kh2 Ke7 60. Qc7+ Nd7 0-1


[Site "https://www.chess.com"]

[Event "Titled Tuesday Blitz November 22 Late 2022"]
[White "Baltaci, Ismail Tarik"]
[Black "Rangel, Daniel"]
[WhiteFideId "6365213"]
[BlackFideId "2124475"]
[WhiteElo "2338"]
[BlackElo "2225"]
[Result "1-0"]
[Round "08"]
[TimeControl "180+1"]
[Date "2022.11.23"]
[WhiteClock "0:01:38"]
[BlackClock "0:00:24"]

1. c4 Nf6 2. Nc3 e6 3. e4 b6 4. e5 Ng8 5. d4 Bb7 6. f4 d6 7. Nf3 c5 8. d5 dxe5 9. fxe5 exd5 10. cxd5 Nd7 11. e6 fxe6 12. dxe6 Ndf6 13. Bb5+ Ke7 14. Qe2 Qd6 15. O-O Rd8 16. Bg5 a6 17. Ba4 Qd3 18. Qf2 h6 19. Rad1 Qf5 20. Rxd8 Kxd8 21. Qd2+ Kc8 22. Bf4 Qxe6 23. Re1 Qf7 24. Ne5 Qh5 25. Ng4 Qxg4 26. g3 Qf3 27. Bd7+ Kd8 28. Bc6+ Kc8 29. Qd7+ Nxd7 30. Re8# 1-0


[Site "https://www.chess.com"]

[Event "Titled Tuesday Blitz November 22 Late 2022"]
[White "Barria Zuniga, Daniel"]
[Black "Tomaszewski, Kacper"]
[WhiteFideId "3400816"]
[BlackFideId "1127373"]
[WhiteElo "2414"]
[BlackElo "2211"]
[Result "1/2-1/2"]
[Round "08"]
[TimeControl "180+1"]
[Date "2022.11.23"]
[WhiteClock "0:00:29"]
[BlackClock "0:00:09"]

1. d4 Nf6 2. c4 e6 3. Nf3 d5 4. Nc3 c5 5. Bg5 cxd4 6. Qxd4 Nc6 7. Bxf6 gxf6 8. Qh4 dxc4 9. e3 Be7 10. Bxc4 f5 11. Qh6 Bf8 12. Qf4 Bd6 13. Qh6 Bf8 14. Qh5 Bg7 15. O-O O-O 16. e4 Qf6 17. Rae1 Qg6 18. Qh3 Qg4 19. Qg3 Qxg3 20. hxg3 fxe4 21. Rxe4 Bd7 22. Rfe1 Rfd8 23. Rg4 Kf8 24. Rh4 h6 25. Ne4 Na5 26. Bf1 Bxb2 27. Rxh6 Rac8 28. Neg5 Bg7 29. Rh4 b6 30. Rf4 f6 31. Nxe6+ Bxe6 32. Rxe6 Rd1 33. Re1 Rcc1 34. Rfe4 Rxe1 35. Rxe1 Rxe1 36. Nxe1 Ke7 37. f3 Kd6 38. Kf2 Kc5 39. Ke3 Kb4 40. Ke4 Ka3 41. Kf5 Kxa2 42. Nd3 Nb3 43. Nf4 a5 44. Nh5 Bf8 45. Nxf6 Nd4+ 46. Ke4 Nc2 47. Nd7 Bc5 48. Nxc5 bxc5 49. Kd5 Ne3+ 50. Kxc5 Nxf1 51. Kb5 Nxg3 52. Kxa5 Kb3 53. Kb5 Kc3 54. Kc5 Kd3 55. Kd5 Ke3 56. Ke5 Kf2 57. f4 Kxg2 58. f5 Nxf5 1/2-1/2


[Site "https://www.chess.com"]

[Event "Titled Tuesday Blitz November 22 Late 2022"]
[White "Baskakov, Egor"]
[Black "Lopez Mulet, Inigo"]
[WhiteFideId "24197866"]
[BlackFideId "22235620"]
[WhiteElo "2211"]
[BlackElo "2289"]
[Result "1-0"]
[Round "08"]
[TimeControl "180+1"]
[Date "2022.11.22"]
[WhiteClock "0:02:33"]
[BlackClock "0:02:29"]

1. e4 e6 2. Nc3 c5 3. g3 Nc6 4. Bg2 h5 5. h3 h4 6. g4 f5 7. gxf5 exf5 8. exf5 Nf6 9. Nge2 d5 10. d4 Bxf5 11. Bg5 cxd4 12. Nxd4 Be7 13. Nxf5 O-O 14. O-O d4 15. Nxe7+ Qxe7 16. Nd5 Qe5 17. Nxf6+ gxf6 18. Bxh4 Kf7 19. c3 Rad8 20. Qb3+ Kg6 21. Bg3 Qc5 22. Qxb7 Ne5 23. Qe4+ Kf7 24. cxd4 Rxd4 25. Qh7+ Ke8 26. Rac1 Rc4 27. Rxc4 Qxc4 28. Rd1 Rf7 29. Qg8+ Ke7 30. Qd8+ Ke6 1-0


[Site "https://www.chess.com"]

[Event "Titled Tuesday Blitz November 22 Late 2022"]
[White "Bazzano, Sebastian"]
[Black "Castillo Pena, Patricia Evarista"]
[WhiteFideId "104566"]
[BlackFideId "6412106"]
[WhiteElo "2212"]
[BlackElo "1919"]
[Result "1-0"]
[Round "08"]
[TimeControl "180+1"]
[Date "2022.11.23"]
[WhiteClock "0:00:33"]
[BlackClock "0:00:02"]

1. d4 d5 2. Bf4 Nf6 3. e3 c5 4. c3 Nc6 5. Nd2 Bf5 6. Qb3 Qc8 7. Ngf3 c4 8. Qd1 e6 9. h3 h6 10. Be2 Be7 11. O-O O-O 12. Ne5 Rd8 13. Re1 b5 14. Bf3 Nxe5 15. Bxe5 Nd7 16. Bg3 a5 17. e4 dxe4 18. Nxe4 Ra6 19. a3 Bf8 20. Qd2 Bxe4 21. Bxe4 Nc5 22. Bc2 Bd6 23. Bh4 Rd7 24. Qe3 Nb3 25. Qe4 g6 26. Rad1 Bf8 27. Bf6 Bg7 28. Bxg7 Kxg7 29. h4 h5 30. Qe5+ Kg8 31. Qxb5 1-0


[Site "https://www.chess.com"]

[Event "Titled Tuesday Blitz November 22 Late 2022"]
[White "Besedes, Danilo"]
[Black "Mesa Cruz, Juan Carlos"]
[WhiteFideId "946796"]
[BlackFideId "6423400"]
[WhiteElo "2352"]
[BlackElo "2059"]
[Result "1-0"]
[Round "08"]
[TimeControl "180+1"]
[Date "2022.11.23"]
[WhiteClock "0:00:47"]
[BlackClock "0:00:07"]

1. g3 Nf6 2. Bg2 e5 3. c4 Bc5 4. Nc3 O-O 5. e3 d6 6. Nge2 Bg4 7. h3 Be6 8. d3 c6 9. b3 Re8 10. Bb2 d5 11. O-O Na6 12. Rc1 Qd7 13. Kh2 Rad8 14. Na4 dxc4 15. dxc4 Qc7 16. Qc2 Nb4 17. Qb1 Bf8 18. Rcd1 g6 19. Bc3 Bf5 20. Qa1 Ne4 21. Bb2 h5 22. Nac3 Nc5 23. Rxd8 Rxd8 24. Rd1 Ncd3 25. Kg1 Nxb2 26. Qxb2 Nd3 27. Qa1 Bg7 28. Be4 Bxe4 29. Nxe4 Qd7 30. Nc5 Qxh3 31. Rxd3 Rxd3 32. Nxd3 e4 33. Ndf4 Qg4 34. Qd1 g5 35. Ng2 h4 36. gxh4 gxh4 37. Qd8+ Kh7 38. Qxh4+ Qxh4 39. Nxh4 Kh6 40. Nf5+ Kg6 41. Nxg7 Kxg7 42. Kg2 f5 43. Kg3 Kf6 44. Kf4 Ke6 45. Nd4+ Kf6 46. Nxf5 1-0


[Site "https://www.chess.com"]

[Event "Titled Tuesday Blitz November 22 Late 2022"]
[White "Bogaudinov, Rushan"]
[Black "Walentukiewicz, Michal"]
[WhiteFideId "4129288"]
[BlackFideId "1126903"]
[WhiteElo "1997"]
[BlackElo "2026"]
[Result "1-0"]
[Round "08"]
[TimeControl "180+1"]
[Date "2022.11.23"]
[WhiteClock "0:00:10"]
[BlackClock "0:01:02"]

1. a3 g6 2. e3 Bg7 3. Nf3 c5 4. c4 Nf6 5. Nc3 O-O 6. b4 cxb4 7. axb4 b6 8. d4 Bb7 9. Be2 d5 10. c5 bxc5 11. bxc5 Nc6 12. O-O Ne4 13. Nxe4 dxe4 14. Nd2 e5 15. Rb1 Rb8 16. Nxe4 exd4 17. Nd6 Qc7 18. e4 Ne5 19. Ba3 Bc6 20. f4 Nd7 21. e5 Rxb1 22. Qxb1 Rb8 23. Qd3 Qa5 24. Ra1 Nxc5 25. Qc4 Nb3 26. Qxf7+ Kh8 27. Nc4 Qc3 28. Rb1 Be4 29. Rf1 d3 30. Bd1 Nd4 31. Nd6 Ne2+ 32. Kh1 Qxa3 33. Nxe4 Rf8 34. Qd5 Qe7 35. g3 Bxe5 36. Qxd3 Nxf4 37. gxf4 Bxf4 38. Qd4+ Be5 39. Rxf8+ Qxf8 40. Qxe5+ Qg7 41. Qxg7+ Kxg7 42. Ba4 Kf7 43. Kg2 Ke6 44. Ng5+ Kf5 45. Nxh7 1-0


[Site "https://www.chess.com"]

[Event "Titled Tuesday Blitz November 22 Late 2022"]
[White "Bortnyk, Olexandr"]
[Black "Lashkin, Jegor"]
[WhiteFideId "14120828"]
[BlackFideId "13907808"]
[WhiteElo "2723"]
[BlackElo "2368"]
[Result "1-0"]
[Round "08"]
[TimeControl "180+1"]
[Date "2022.11.22"]
[WhiteClock "0:00:29"]
[BlackClock "0:00:02"]

1. e4 c5 2. c3 Nf6 3. e5 Nd5 4. d4 cxd4 5. Nf3 d6 6. cxd4 Nc6 7. Bc4 Nb6 8. Bb5 dxe5 9. Nxe5 Bd7 10. Nxd7 Qxd7 11. Nc3 e6 12. O-O Rd8 13. Be3 Be7 14. Qg4 O-O 15. Rfd1 Kh8 16. Rac1 Nd5 17. Nxd5 Qxd5 18. Bc4 Qa5 19. a3 Bf6 20. h3 Ne7 21. Bd2 Qf5 22. Qxf5 Nxf5 23. Bb4 Be7 24. Bc3 Bf6 25. Bb4 Be7 26. Bc3 Bf6 27. d5 Bxc3 28. Rxc3 e5 29. Bb3 Nd6 30. Rc7 f6 31. Rdc1 Rfe8 32. Ba4 Rf8 33. Bd7 Rf7 34. Be6 Rxc7 35. Rxc7 h5 36. a4 Kh7 37. b4 Kg6 38. f3 f5 39. h4 Kf6 40. Kf2 g5 41. hxg5+ Kxg5 42. Kg3 f4+ 43. Kh3 Kf6 44. Kh4 Kg6 45. a5 a6 46. Re7 Kf6 47. Rh7 e4 48. fxe4 Nxe4 49. Rxh5 Ng3 50. Rh7 Ke5 51. Kg4 Ne4 52. Rxb7 Nf6+ 53. Kf3 Rg8 54. Bxg8 Nxg8 55. d6 1-0


[Site "https://www.chess.com"]

[Event "Titled Tuesday Blitz November 22 Late 2022"]
[White "Boyer, Mahel"]
[Black "Rasulov, Vugar"]
[WhiteFideId "45102422"]
[BlackFideId "13402390"]
[WhiteElo "2454"]
[BlackElo "2509"]
[Result "0-1"]
[Round "08"]
[TimeControl "180+1"]
[Date "2022.11.22"]
[WhiteClock "0:00:03"]
[BlackClock "0:00:17"]

1. Nf3 Nf6 2. Nc3 d5 3. Ne5 d4 4. Nb1 Qd5 5. Nf3 e5 6. d3 Nc6 7. c4 Qd8 8. g3 e4 9. dxe4 Nxe4 10. Bg2 Bb4+ 11. Nbd2 O-O 12. O-O Nxd2 13. Bxd2 Be7 14. Qb1 a5 15. h4 Be6 16. Rc1 Qd7 17. Qd3 Bf5 18. Qb3 Bb4 19. a3 a4 20. Qd1 Bc5 21. Bb4 b6 22. Qd2 Rfe8 23. Ne1 Rad8 24. Nd3 Bxd3 25. exd3 Ne5 26. Re1 Qf5 27. Re4 Re6 28. Rae1 h6 29. Bxc5 bxc5 30. f4 Ng4 31. Rxe6 fxe6 32. Bh3 h5 33. Qe2 Rb8 34. Bxg4 hxg4 35. Qc2 Rb3 36. Re4 Kf7 37. Qe2 g6 38. Kf2 Ke7 39. Ke1 Kd7 40. Kd1 Rb6 41. Kc2 Qf8 42. Qxg4 Qb8 43. b4 axb3+ 44. Kb2 Qa7 45. Qxg6 Qa5 46. Re2 Qc3+ 47. Kb1 b2 48. Qf7+ Kc8 49. Qe8+ Kb7 50. Qb5 Rxb5 51. cxb5 Qc1+ 52. Ka2 b1=Q# 0-1


[Site "https://www.chess.com"]

[Event "Titled Tuesday Blitz November 22 Late 2022"]
[White "Burke, Paul"]
[Black "Romero Ruscalleda, Josep"]
[WhiteFideId "2605767"]
[BlackFideId "2231859"]
[WhiteElo "1916"]
[BlackElo "2183"]
[Result "1-0"]
[Round "08"]
[TimeControl "180+1"]
[Date "2022.11.23"]
[WhiteClock "0:00:09"]
[BlackClock "0:00:03"]

1. e4 g6 2. Nc3 Bg7 3. g3 d6 4. Bg2 c5 5. Nge2 Nc6 6. O-O Nf6 7. h3 O-O 8. d3 e5 9. f4 Nd4 10. Nxd4 exd4 11. Ne2 Re8 12. g4 h5 13. g5 Nh7 14. Ng3 d5 15. f5 Nxg5 16. Nxh5 gxh5 17. Qxh5 Bf6 18. Bd2 Kg7 19. Qg4 Kf8 20. h4 Nh7 21. Bh6+ Ke7 22. e5 Bxe5 23. Rae1 Kd6 24. Qf3 Nf6 25. Bg5 Kc7 26. Bxf6 Qxf6 27. Qxd5 Rb8 28. Qxc5+ Kd8 29. Qd5+ Bd7 30. Re4 Qe6 31. fxe6 fxe6 32. Qxe5 Kc8 33. Rxd4 Bc6 34. Bxc6 bxc6 35. Qd6 Rb7 36. Qxc6+ Rc7 37. Qxe8+ Kb7 38. Rb4+ Ka6 39. Qxe6+ Ka5 40. Qb3 Rg7+ 41. Kf2 Rf7+ 42. Ke1 Re7+ 43. Kd1 Re4 44. Qa3# 1-0


[Site "https://www.chess.com"]

[Event "Titled Tuesday Blitz November 22 Late 2022"]
[White "Cardoso Cardoso, Jose Gabriel"]
[Black "Banzea, Alexandru-Bogdan"]
[WhiteFideId "4430492"]
[BlackFideId "1232622"]
[WhiteElo "2484"]
[BlackElo "2294"]
[Result "1-0"]
[Round "08"]
[TimeControl "180+1"]
[Date "2022.11.23"]
[WhiteClock "0:00:07"]
[BlackClock "0:00:06"]

1. d4 d5 2. Nc3 c6 3. Bf4 Nf6 4. e3 g6 5. h4 Bg7 6. h5 Nxh5 7. Rxh5 gxh5 8. Qxh5 Nd7 9. O-O-O Nf6 10. Qh4 Bf5 11. f3 Bg6 12. g4 O-O 13. Bd3 a5 14. Nge2 a4 15. Ng3 a3 16. b3 Qa5 17. Nce2 c5 18. g5 Nd7 19. Nf5 Rfe8 20. Rh1 Bf8 21. Bc7 Qxc7 22. Nf4 Bxf5 23. Bxf5 Bg7 24. Qxh7+ Kf8 25. Be6 Qxf4 26. exf4 fxe6 27. Qg6 cxd4 28. Rh7 1-0


[Site "https://www.chess.com"]

[Event "Titled Tuesday Blitz November 22 Late 2022"]
[White "Caruana, Fabiano"]
[Black "Shimanov, Aleksandr"]
[WhiteFideId "2020009"]
[BlackFideId "4198603"]
[WhiteElo "2847"]
[BlackElo "2605"]
[Result "1/2-1/2"]
[Round "08"]
[TimeControl "180+1"]
[Date "2022.11.22"]
[WhiteClock "0:00:03"]
[BlackClock "0:00:03"]

1. c4 e6 2. Nc3 d5 3. d4 Nf6 4. cxd5 exd5 5. Nf3 c6 6. Bf4 Bd6 7. Bxd6 Qxd6 8. e3 O-O 9. Bd3 Bg4 10. h3 Bxf3 11. Qxf3 Nbd7 12. O-O Rfe8 13. Rab1 a5 14. a3 g6 15. Rfc1 Re7 16. Qd1 Ne4 17. Nxe4 dxe4 18. Bf1 a4 19. Rc4 b5 20. Rc3 Nf6 21. Rbc1 Ra6 22. Qc2 Re6 23. Rc5 Nd7 24. Rc3 Nf6 25. g3 h5 26. h4 Nd5 27. Rc5 Kg7 28. Qd2 Kh7 29. Bh3 f5 30. Bf1 Kg7 31. Kg2 Kh6 32. Be2 Kh7 33. Bd1 Qe7 34. b3 g5 35. bxa4 bxa4 36. Bxh5 gxh4 37. Rh1 Rh6 38. Rxh4 Qg5 39. Qe2 Rb6 40. Ra5 Rb7 41. Rc5 Rg7 42. Kh3 Nf6 43. Rxc6 Nxh5 44. Rxh6+ Kxh6 45. d5 Rg6 46. Qb5 Qf6 47. Qe8 Rg5 48. d6 Qxd6 49. Qh8+ Kg6 50. Qe8+ Kh6 51. Qh8+ Kg6 52. Qe8+ Kh6 1/2-1/2


[Site "https://www.chess.com"]

[Event "Titled Tuesday Blitz November 22 Late 2022"]
[White "Deac, Bogdan-Daniel"]
[Black "Bobkov, Vadim"]
[WhiteFideId "1226380"]
[BlackFideId "34110876"]
[WhiteElo "2648"]
[BlackElo "2172"]
[Result "1-0"]
[Round "08"]
[TimeControl "180+1"]
[Date "2022.11.22"]
[WhiteClock "0:00:09"]
[BlackClock "0:00:05"]

1. Nf3 d5 2. b3 Nf6 3. Bb2 g6 4. c4 Bg7 5. cxd5 Qxd5 6. g3 O-O 7. Bg2 Qh5 8. h3 c6 9. Nc3 Rd8 10. Qc2 Na6 11. a3 Qa5 12. b4 Qc7 13. O-O Bf5 14. e4 Be6 15. d4 Qc8 16. Kh2 Nc7 17. Rfd1 a5 18. Na4 Qb8 19. Nc5 Bc8 20. Ne5 Nfe8 21. f4 Ne6 22. Qb3 axb4 23. axb4 Rxa1 24. Bxa1 Bxe5 25. fxe5 b6 26. Nxe6 Bxe6 27. d5 cxd5 28. exd5 Bf5 29. Qb2 h5 30. d6 Be6 31. Rf1 Qa7 32. Qd2 Ng7 33. Qg5 Re8 34. Bd4 Qa2 35. Bxb6 Bd5 36. Rf2 Qb3 37. d7 Rf8 38. Qxe7 Bxg2 39. Qxf8+ Kxf8 40. d8=Q+ Ne8 41. Bc5+ Kg7 42. Rxg2 Qe6 43. Qe7 Qc6 44. Qf8+ Kh7 45. Qxf7+ Ng7 46. Bf8 1-0


[Site "https://www.chess.com"]

[Event "Titled Tuesday Blitz November 22 Late 2022"]
[White "Desideri, Ricardo Maruchi"]
[Black "Figorito, Nick"]
[WhiteFideId "2110440"]
[BlackFideId "30923689"]
[WhiteElo "1945"]
[BlackElo "2295"]
[Result "1-0"]
[Round "08"]
[TimeControl "180+1"]
[Date "2022.11.23"]
[WhiteClock "0:00:04"]
[BlackClock "0:00:22"]

1. e4 e6 2. d4 d5 3. e5 c5 4. c3 Bd7 5. Nf3 Qb6 6. Be2 Bb5 7. O-O Bxe2 8. Qxe2 Qa6 9. Qd2 Nc6 10. a3 c4 11. Qc2 Qb6 12. Nbd2 Na5 13. Rb1 Ne7 14. b4 cxb3 15. Nxb3 Nxb3 16. Rxb3 Qc7 17. Qb2 b6 18. Ne1 Nc6 19. Qe2 Na5 20. Rb1 Nc4 21. a4 Be7 22. Nd3 O-O 23. f4 f5 24. exf6 Rxf6 25. Rf3 Bd6 26. Ne5 Raf8 27. Rg3 Bxe5 28. dxe5 Nxe5 29. fxe5 Qxe5 30. Be3 Qxc3 31. Rd1 Qc6 32. Bd4 R6f7 33. Qg4 g6 34. Rf3 Rxf3 35. gxf3 Rf5 36. f4 Qc2 37. Be5 Qe4 38. Qg2 Qxg2+ 39. Kxg2 Rf7 40. Kf3 Rd7 41. Ke3 Kf7 42. Kd4 Ke8 43. Rc1 Kd8 44. Rc6 Ke7 45. h4 h5 46. Rc8 Rb7 47. Rg8 Kd7 48. Rxg6 Kc6 49. Rxe6+ Kd7 50. Rf6 b5 51. Rf7+ Kc6 52. Rxb7 Kxb7 53. axb5 Kb6 54. Kxd5 Kxb5 55. Bd4 a5 56. f5 a4 57. f6 a3 58. f7 Kb4 59. f8=Q+ Kb3 60. Qd6 Kc2 61. Qc6+ Kd3 62. Qb5+ Kd2 63. Qa5+ Ke2 64. Qxa3 Kf1 65. Qe7 Kg2 66. Qg5+ Kf1 67. Qxh5 Ke1 68. Qf3 Kd2 69. Qe3+ Kc2 70. Qc3+ Kd1 71. h5 Ke2 72. h6 Kf1 73. h7 Ke2 74. h8=Q Kf1 75. Qhh3+ Ke2 76. Qh2+ Kd1 77. Qa1# 1-0


[Site "https://www.chess.com"]

[Event "Titled Tuesday Blitz November 22 Late 2022"]
[White "Djordjevic, Vuk"]
[Black "Ibarra Jerez, Jose Carlos"]
[WhiteFideId "902098"]
[BlackFideId "2226332"]
[WhiteElo "2456"]
[BlackElo "2638"]
[Result "0-1"]
[Round "08"]
[TimeControl "180+1"]
[Date "2022.11.22"]
[WhiteClock "0:00:04"]
[BlackClock "0:00:49"]

1. d4 Nf6 2. Bg5 d5 3. Bxf6 gxf6 4. e3 c5 5. dxc5 e6 6. Nf3 Bxc5 7. Nbd2 Nc6 8. a3 f5 9. c4 dxc4 10. Bxc4 O-O 11. O-O b6 12. b4 Bd6 13. Qa4 Bb7 14. Ba6 Bxa6 15. Qxa6 Qf6 16. Nc4 Qe7 17. Rac1 Rac8 18. Rfd1 Nb8 19. Qa4 Bc7 20. b5 Rfd8 21. g3 Rxd1+ 22. Rxd1 Rd8 23. Rxd8+ Bxd8 24. Nce5 Qc7 25. h4 Bf6 26. Nd3 Nd7 27. Nf4 Nc5 28. Qd1 Kf8 29. Nh5 Bb2 30. Qd2 Bh8 31. e4 Nxe4 32. Qh6+ Ke7 33. Qxh7 Qc2 0-1


[Site "https://www.chess.com"]

[Event "Titled Tuesday Blitz November 22 Late 2022"]
[White "Feng, Eric"]
[Black "Gascon Del Nogal, Jose Rafael"]
[WhiteFideId "30952590"]
[BlackFideId "3902463"]
[WhiteElo "1785"]
[BlackElo "2473"]
[Result "1/2-1/2"]
[Round "08"]
[TimeControl "180+1"]
[Date "2022.11.23"]
[WhiteClock "0:01:05"]
[BlackClock "0:00:10"]

1. d4 Nf6 2. c4 c5 3. d5 g6 4. Nc3 Bg7 5. g3 O-O 6. Bg2 e6 7. Nf3 exd5 8. cxd5 d6 9. O-O a6 10. a4 Re8 11. Re1 Ne4 12. Nxe4 Rxe4 13. Qc2 Bf5 14. Bh3 Rxa4 15. Qxa4 Bxh3 16. Bg5 f6 17. Bf4 g5 18. Bd2 Nd7 19. Qb3 b5 20. Bc3 b4 21. Bd2 h6 22. Qd3 Qc8 23. e4 g4 24. Nh4 Ne5 25. Qe2 f5 26. Nxf5 Nf3+ 27. Qxf3 gxf3 28. Ne7+ Kf7 29. Nxc8 Bxc8 30. Bc1 h5 31. Re3 Bg4 32. h3 Bxh3 33. Rxf3+ Kg6 34. Ra2 a5 35. b3 Bg4 36. Rd3 Bd4 37. Kg2 Bd7 38. Bb2 Bb5 39. Rf3 Be2 40. Rf4 Bd1 41. Bxd4 cxd4 42. Rb2 Rc8 43. Rd2 Bxb3 44. Rxd4 Bc4 45. Rf3 b3 46. Rxc4 Rxc4 47. Rxb3 a4 48. Ra3 Rxe4 49. Kf3 Rb4 50. Kg2 Kf5 51. Kh3 Kg5 52. f4+ Kf5 53. Kh4 Kg6 54. Ra1 Rd4 55. Ra3 Rc4 56. Ra2 Rd4 57. Ra3 Kh6 58. Ra2 Kg6 59. Ra3 1/2-1/2


[Site "https://www.chess.com"]

[Event "Titled Tuesday Blitz November 22 Late 2022"]
[White "Fernandez De La Vara, Arnaldo"]
[Black "Gareyev, Timur"]
[WhiteFideId "3518388"]
[BlackFideId "14200937"]
[WhiteElo "2387"]
[BlackElo "2552"]
[Result "0-1"]
[Round "08"]
[TimeControl "180+1"]
[Date "2022.11.22"]
[WhiteClock "0:00:02"]
[BlackClock "0:00:07"]

1. Nf3 d6 2. d4 Bf5 3. g3 Nf6 4. Bg2 c6 5. b3 h6 6. c4 e6 7. O-O Be7 8. Nc3 Ne4 9. Bb2 O-O 10. Nd2 Nxc3 11. Bxc3 d5 12. e4 dxe4 13. Bxe4 Bxe4 14. Nxe4 Na6 15. Qf3 Qc7 16. Rfd1 Rad8 17. Rac1 Qb8 18. Qh5 Rd7 19. f4 Rfd8 20. f5 exf5 21. Qxf5 Ba3 22. Rc2 Qc8 23. Rf2 Bb4 24. Bb2 Re7 25. Qf3 Qe6 26. Re2 f5 27. Nc3 Qf7 28. a3 Rxe2 29. Nxe2 Bf8 30. Nf4 Nc7 31. Nd3 Bd6 32. Rf1 Rf8 33. Re1 Ne6 34. Ne5 Bxe5 35. Rxe5 Ng5 36. Qe2 f4 37. Re7 Nh3+ 38. Kh1 f3 39. Rxf7 fxe2 40. Rxf8+ Kxf8 41. Bc3 Nf2+ 42. Kg2 Nd3 43. Kf3 e1=Q 44. Bxe1 Nxe1+ 45. Ke4 Nc2 46. a4 Ke7 47. Ke5 a5 48. d5 Na1 49. dxc6 bxc6 50. b4 axb4 51. a5 b3 52. a6 b2 53. a7 b1=Q 54. a8=Q Qb2+ 55. Kf5 Qf6+ 56. Ke4 Kf7 57. Qa7+ Kg6 58. Qa2 Nc2 59. Kd3 Nb4+ 60. Ke3 Nxa2 0-1


[Site "https://www.chess.com"]

[Event "Titled Tuesday Blitz November 22 Late 2022"]
[White "Ferreira, Vitor Hugo Vieira"]
[Black "Sabuk, Piotr"]
[WhiteFideId "2119765"]
[BlackFideId "1137565"]
[WhiteElo "2168"]
[BlackElo "2326"]
[Result "0-1"]
[Round "08"]
[TimeControl "180+1"]
[Date "2022.11.23"]
[WhiteClock "0:01:11"]
[BlackClock "0:01:23"]

1. e4 e5 2. Nf3 Nc6 3. Bb5 a6 4. Ba4 Nf6 5. d3 Bd6 6. O-O O-O 7. c3 Re8 8. Bb3 Na5 9. Bc2 c5 10. Re1 Nc6 11. Nbd2 Bf8 12. Nf1 d5 13. Ng3 h6 14. Nh4 g6 15. Qe2 Bg4 16. Nf3 Bg7 17. h3 Be6 18. a3 d4 19. Bd2 b5 20. Nh2 Qd7 21. f4 exf4 22. Bxf4 Rad8 23. Qd2 g5 24. Bxg5 hxg5 25. Qxg5 Nh7 26. Qh4 Qe7 27. Qh5 Qg5 28. Qf3 dxc3 29. e5 Nd4 30. Qf2 cxb2 31. Ne4 bxa1=Q 32. Nxg5 Qxe1+ 33. Qxe1 Nxg5 34. Bd1 Bf5 35. Qg3 Nge6 36. Bg4 c4 37. dxc4 bxc4 38. h4 c3 39. Qxc3 Bxg4 40. Nxg4 Ne2+ 41. Kf2 Nxc3 0-1


[Site "https://www.chess.com"]